 Dungeon Crawl Stone Soup version 0.19-a0-892-g8a19e52 (webtiles) character file.

2713 mopl the Martial Artist (level 9, -1/68 HPs)
             Began as a Human Transmuter on July 4, 2016.
             Was a Priest of Cheibriados.
             Slain by Gagarin's ghost (11 damage)
             ... on level 7 of the Dungeon.
             The game lasted 00:16:24 (9269 turns).

mopl the Martial Artist (Human Transmuter)          Turns: 9269, Time: 00:16:24

Health: -1/68      AC:  2    Str: 17    XL:     9   Next: 98%
Magic:  11/12      EV: 25    Int: 24    God:    Cheibriados [***...]
Gold:   318        SH:  0    Dex: 26    Spells: 4 memorised, 2 levels left

rFire  . . .     SeeInvis .       - Unarmed
rCold  . . .     Gourm    .     (armour currently unavailable)
rNeg   . . .     Faith    .     (shield currently unavailable)
rPois  x         Spirit   .     (helmet currently unavailable)
rElec  .         Dismiss  .     (cloak currently unavailable)
rCorr  .         Reflect  .     (gloves currently unavailable)
SustAt .         Harm     .     (boots currently unavailable)
MR     +....                    (no amulet)
Stlth  ++........               (no ring)
                                (no ring)

@: spider-form, drained, very slow, somewhat resistant to hostile enchantments,
unstealthy
A: magic resistance 1
a: End Transformation, Bend Time, Temporal Distortion, Renounce Religion


You were on level 7 of the Dungeon.
You worshipped Cheibriados.
Cheibriados was most pleased with you.
You were not hungry.
You were a venomous arachnid creature.
You visited 2 branches of the dungeon, and saw 9 of its levels.

You collected 318 gold pieces.

Inventory:

Hand Weapons
 b - a +0 blowgun
Missiles
 a - 85 arrows
 e - 3 javelins
 m - 11 tomahawks (quivered)
 o - 4 exploding tomahawks
 w - 16 poisoned needles
 z - a throwing net
Armour
 h - a +2 helmet (melded)
 I - a +2 robe of cold resistance (melded)
Magical Staves
 y - an uncursed staff of fire
Wands
 E - a wand of iceblast (9/15)
 F - a wand of digging (11/24)
 G - a wand of disintegration (9/24)
 H - a wand of paralysis (7/24)
Scrolls
 f - a scroll of enchant armour
 k - a scroll of immolation {unknown}
 n - 2 scrolls of magic mapping {unknown}
 p - 2 scrolls of fear
 q - a scroll of teleportation {unknown}
 s - a scroll of fog {unknown}
 t - 3 scrolls of blinking {unknown}
 v - 2 scrolls of recharging
 A - a scroll of amnesia {unknown}
 C - a scroll of remove curse {unknown}
Potions
 i - 2 potions of curing
 x - a potion of invisibility {unknown}
Books
 c - a book of Changes

   Spells                             Type                      Level
   a - Beastly Appendage              Transmutation                1
   b - Sticks to Snakes               Transmutation                2
   c - Spider Form                    Transmutation/Poison         3
   d - Ice Form                       Ice/Transmutation            4
   e - Blade Hands                    Transmutation                5
Comestibles
 d - 6 bread rations
 g - 2 slices of pizza
 j - 8 fruits
 r - 2 royal jellies
 u - 2 chunks of flesh
 B - a beef jerky
 D - a meat ration


   Skills:
 + Level 5.3(4.7) Fighting
 + Level 5.7(5.1) Dodging
 * Level 9.3(8.7) Unarmed Combat
 - Level 2.0(1.4) Spellcasting
 - Level 3.0(2.5) Transmutations
 - Level 2.0(1.4) Poison Magic
 + Level 4.7(4.1) Invocations


You had 2 spell levels left.
You knew the following spells:

 Your Spells              Type           Power        Failure   Level  Hunger
a - Beastly Appendage     Tmut           ##....       17%         1    #......
b - Spider Form           Tmut/Pois      ##........   41%         3    ###....
d - Ice Form              Ice/Tmut       #.......     91%         4    #####..
w - Sticks to Snakes      Tmut           ##......     24%         2    ###....


Dungeon Overview and Level Annotations

Branches:
Dungeon (8/15)             Temple (1/1) D:4
   Lair: D:8-11

Altars:
Ashenzari
Cheibriados
Dithmenos
Elyvilon
Fedhas
Gozag
Hepliaklqana
Kikubaaqudgha
Makhleb
Nemelex Xobeh
Okawaru
Pakellas
Qazlal
Ru
Sif Muna
Trog
Uskayaw
Vehumet
Xom
Yredelemnul
Zin
The Shining One

Annotations:
D:7 Gagarin's ghost, novice DrCj


Innate Abilities, Weirdness & Mutations

You are resistant to hostile enchantments. (MR+)


Message History

Gagarin's ghost hits you!
You hit Gagarin's ghost but do no damage.
Gagarin's ghost is heavily damaged.
You barely miss Gagarin's ghost.
Gagarin's ghost is heavily damaged.
Gagarin's ghost says, "Death is but another step down the path of knowledge."
Gagarin's ghost closely misses you.
You barely miss Gagarin's ghost.
Gagarin's ghost is heavily damaged.
Gagarin's ghost hits you!
* * * LOW HITPOINT WARNING * * *
You hit Gagarin's ghost.
Gagarin's ghost is heavily damaged.
Gagarin's ghost gestures at you while chanting.
The magic dart hits you!
* * * LOW HITPOINT WARNING * * *
You bite Gagarin's ghost!
Gagarin's ghost is severely damaged.
Gagarin's ghost hits you!
You die...

## ########. #########........
#.........######.
##########.######### #.
#..........#.#.....# #.
########.#######s.#.#.###.######.
.>.....#.# #W.#.#.#..........
.....#.#.# #..#.#.#.#.#######
.....# #.# #..#>#.#.#.......+
.[...+ #.# #..#.#.#...#####.#
.....# #.# #..#.#.#.#.#.....'
.....# #.# ...#.....#.#.###.#
.....# ### #.########.# #.#
.....# ..# #.#


You could see Gagarin's ghost.

Vanquished Creatures
  Psyche (D:8)
  3 sky beasts
  2 orc warriors
  An ice beast (D:6)
  2 ogres
  A phantom (D:4)
  A necrophage (D:8)
  A centaur (D:5)
  A giant frog (D:8)
  A wyvern skeleton (D:8)
  3 scorpions
  3 crimson imps
  A giant frog zombie (D:3)
  A jelly (D:8)
  7 orc priests
  3 hounds
  5 orc wizards
  An iguana (D:6)
  Terence (D:2)
  Ijyb (D:2)
  5 worker ants
  10 gnolls
  9 adders
  2 oozes
  2 adder skeletons
  4 worms
  2 dart slugs
  7 giant geckos
  35 orcs
  3 ball pythons
  7 giant cockroaches
  13 goblins
  9 hobgoblins
  9 jackals
  2 quokkas
  8 bats
  2 giant gecko skeletons
  A giant gecko zombie (D:7)
  2 giant newts
  9 kobolds
  A quokka skeleton (D:4)
  A quokka zombie (D:8)
  7 rats
190 creatures vanquished.

Notes
Turn   | Place    | Note
-------+----------+-------------------------------------------
     0 | D:1      | mopl the Human Transmuter began the quest for the Orb.
     0 | D:1      | Reached XP level 1. HP: 15/15 MP: 3/3
   256 | D:1      | Reached XP level 2. HP: 20/21 MP: 5/5
   342 | D:1      | Learned a level 2 spell: Sticks to Snakes
   539 | D:1      | Reached XP level 3. HP: 18/26 MP: 4/6
   544 | D:1      | Learned a level 3 spell: Spider Form
   698 | D:1      | You fall through a shaft!
  1064 | D:2      | Noticed Terence
  1084 | D:2      | Killed Terence
  1084 | D:2      | Reached skill level 4 in Unarmed Combat
  1084 | D:2      | Reached skill level 1 in Poison Magic
  1084 | D:2      | Reached XP level 4. HP: 15/32 MP: 4/7
  1692 | D:2      | Noticed Ijyb
  1712 | D:2      | Killed Ijyb
  1712 | D:2      | Reached skill level 3 in Transmutations
  1712 | D:2      | Reached XP level 5. HP: 30/37 MP: 2/8
  2316 | D:3      | Reached skill level 5 in Unarmed Combat
  2450 | D:3      | Found a sparkling altar of Nemelex Xobeh.
  2632 | D:3      | Reached skill level 2 in Poison Magic
  2645 | D:3      | Reached XP level 6. HP: 28/43 MP: 6/9
  3535 | D:4      | Noticed an orc warrior
  3569 | D:4      | HP: 2/44 [orc warrior/glaive (19)]
  3570 | D:4      | Killed an orc warrior
  3570 | D:4      | Reached skill level 2 in Fighting
  3570 | D:4      | Reached skill level 3 in Dodging
  3570 | D:4      | Reached skill level 6 in Unarmed Combat
  3570 | D:4      | Reached XP level 7. HP: 26/50 MP: 7/10
  4111 | D:4      | Learned a level 4 spell: Ice Form
  4501 | D:4      | Found a staircase to the Ecumenical Temple.
  4508 | Temple   | Entered the Ecumenical Temple
  4753 | Temple   | Became a worshipper of Cheibriados the Contemplative
  5247 | D:5      | Entered Level 5 of the Dungeon
  5296 | D:5      | Gained mutation: You are resistant to hostile enchantments. (MR+) [potion of beneficial mutation]
  5585 | D:5      | Reached skill level 3 in Fighting
  5585 | D:5      | Reached skill level 1 in Invocations
  5585 | D:5      | Reached XP level 8. HP: 58/58 MP: 4/11
  5737 | D:5      | Reached skill level 7 in Unarmed Combat
  5740 | D:5      | Reached skill level 4 in Dodging
  5852 | D:5      | Reached skill level 2 in Invocations
  6195 | D:5      | Reached * piety under Cheibriados
  7081 | D:6      | Reached skill level 3 in Invocations
  7114 | D:6      | Reached skill level 4 in Fighting
  7114 | D:6      | Reached XP level 9. HP: 39/65 MP: 9/12
  7144 | D:6      | Found an oddly glowing altar of Pakellas.
  7570 | D:6      | Reached skill level 8 in Unarmed Combat
  7615 | D:6      | Reached ** piety under Cheibriados
  7634 | D:6      | You fall through a shaft for 2 floors!
  7659 | D:8      | Reached skill level 5 in Dodging
  7868 | D:8      | Reached skill level 4 in Invocations
  8307 | D:8      | Noticed Psyche
  8319 | D:8      | Paralysed by Psyche for 6 turns
  8323 | D:8      | Killed Psyche
  8323 | D:8      | Reached skill level 5 in Fighting
  8323 | D:8      | Reached skill level 9 in Unarmed Combat
  8544 | D:8      | Reached *** piety under Cheibriados
  9223 | D:7      | Noticed Gagarin's ghost (novice DrCj)
  9269 | D:7      | Slain by Gagarin's ghost

Vault maps used:
D:1:      evilmike_arrival_run_for_it, kennysheep_nondescript
D:2:      kennysheep_the_goblin_king, uniq_terence
D:3:      nemelex_altar_shiori, uniq_iyjb
D:4:      first_bread
D:6:      johnstein_pakellas_dig
D:7:      basic_altar
D:8:      uniq_psyche
Temple:   nicolae_temple_the_god_donut

Skill      XL: |  1  2  3  4  5  6  7  8  9 |
---------------+----------------------------+-----
Unarmed Combat | 4 5 6 7 9 |  9.3
Poison Magic   | 1 2 |  2.0
Transmutations | 3 |  3.0
Fighting       | 2 3 4 5 |  5.3
Dodging        | 3 4 5 |  5.7
Invocations    | 1 3 4 |  4.7
Spellcasting   | |  2.0

Action                   |  1- 3 |  4- 6 |  7- 9 || total
-------------------------+-------+-------+-------++-------
Melee: Unarmed           |   102 |   239 |   400 ||   741
       Headbutt          |     4 |       |       ||     4
       Kick              |    10 |       |       ||    10
       Punch             |     3 |     6 |     3 ||    12
Throw: Tomahawk          |       |       |     1 ||     1
 Cast: Beastly Appendage |    10 |       |       ||    10
       Spider Form       |     1 |    11 |    29 ||    41
 Abil: End Transformatio |       |     1 |     2 ||     3
  Use: Scroll            |       |     5 |     4 ||     9
       Potion            |       |     1 |     4 ||     5
 Stab: Sleeping          |     2 |     2 |     3 ||     7
       Distracted        |       |       |     1 ||     1
  Eat: Chunk             |     1 |    10 |    17 ||    28
       Beef jerky        |       |       |     1 ||     1
Armor: Robe              |    14 |    50 |    23 ||    87
       Skin              |       |     6 |     7 ||    13
Dodge: Dodged            |    52 |   206 |   263 ||   521
